 Dungeon Crawl Stone Soup version 0.20-a0-471-g521e6c5 (webtiles) character file.

110 Kriby the Chiller (level 5, -9/35 HPs)
             Began as a Human Ice Elementalist on Jan 14, 2017.
             Mangled by Steforg's ghost (11 damage)
             ... on level 3 of the Dungeon.
             The game lasted 00:07:11 (2443 turns).

Kriby the Chiller (Human Ice Elementalist)          Turns: 2443, Time: 00:07:12

Health: -9/35      AC:  3    Str:  8    XL:     5   Next: 14%
Magic:  1/9        EV: 12    Int: 16    God:
Gold:   83         SH:  0    Dex: 14    Spells: 9/10 levels left

rFire  . . .     SeeInvis .     p - -1 dagger (curse)
rCold  . . .     Gourm    .     a - +0 robe
rNeg   . . .     Faith    .     (no shield)
rPois  .         Spirit   .     v - +0 helmet
rElec  .         Reflect  .     (no cloak)
rCorr  .         Harm     .     (no gloves)
MR     .....                    (no boots)
Stlth  ++........               j - amulet of magic regeneration
                                (no ring)
                                (no ring)

@: no status effects
A: no striking features
a: no special abilities


You were on level 3 of the Dungeon.
You were not hungry.

You visited 1 branch of the dungeon, and saw 3 of its levels.

You collected 83 gold pieces.

Inventory:

Hand Weapons
 l - a +0 dagger
 p - a cursed -1 dagger (weapon)
Armour
 a - a +0 robe (worn)
 v - a +0 helmet (worn)
Jewellery
 j - an amulet of magic regeneration (around neck)
Wands
 A - a wand of flame (38/48)
Scrolls
 f - a scroll of fog {unknown}
 i - 3 scrolls of amnesia
 k - a scroll of immolation {unknown}
 n - a scroll of magic mapping
 o - a scroll of fear {unknown}
 q - a scroll of blinking {unknown}
 t - a scroll of noise {unknown}
 w - a scroll of teleportation {unknown}
 y - a scroll of remove curse {unknown}
Potions
 d - 2 potions of mutation {unknown}
 e - a potion of invisibility {unknown}
 h - a potion of might {unknown}
 m - a potion of resistance {unknown}
 s - a potion of degeneration {unknown}
 u - 2 potions of haste {unknown}
 x - 2 potions of curing {unknown}
Books
 b - a book of Frost

   Spells                             Type                      Level
   a - Freeze                         Ice                          1
   b - Throw Frost                    Conjuration/Ice              2
   c - Ozocubu's Armour               Charms/Ice                   3
   d - Throw Icicle                   Conjuration/Ice              4
   e - Summon Ice Beast               Ice/Summoning                4
Comestibles
 c - 2 bread rations
 g - 2 meat rations
 r - 3 beef jerkies
 z - 3 chunks of flesh


   Skills:
 - Level 2.0 Dodging
 - Level 2.0 Stealth
 + Level 3.2 Spellcasting
   Level 1.0 Conjurations
 + Level 4.5 Ice Magic


You had 9 spell levels left.
You knew the following spells:

 Your Spells              Type           Power        Failure   Level  Hunger
a - Freeze                Ice            ###.         3%          1    None


Dungeon Overview and Level Annotations

Branches:
Dungeon (3/15)

Altars:
Cheibriados

Annotations:
D:3 Steforg's ghost, amateur HaFi


Message History

Steforg's ghost is severely damaged.
Steforg's ghost hits you.
* * * LOW HITPOINT WARNING * * *
Casting: Freeze
Confirm with . or Enter, or press ? or * to list all spells.
Aiming: Freeze
Press: ? - help, Shift-Dir - straight line, f/p - Steforg's ghost
Aim: Steforg's ghost (severely damaged)
You freeze Steforg's ghost.
Steforg's ghost is almost destroyed.
Steforg's ghost barely misses you.
Casting: Freeze
Confirm with . or Enter, or press ? or * to list all spells.
Aiming: Freeze
Press: ? - help, Shift-Dir - straight line, f/p - Steforg's ghost
Aim: Steforg's ghost (almost destroyed)
You freeze Steforg's ghost.
Steforg's ghost is almost destroyed.
Steforg's ghost hits you!
You die...

..'..# ### #.....,,,>* #.#
.##..#######.#####**,* #.#
.###.........# *,,,,,* #.#
.# ##........# *,***** #.#
.# *........# *,* #.#
.####........##*,* #.#
....'........',,,* #.#
#####........###########.#
....+........'.W@........#
#####........#############
# *####'#### ## #,* .# *,*
.### *,* ...#*****'****
...##,,,,,,,,*
#.).#,,,,,,,,*


You could see Steforg's ghost.

Vanquished Creatures
  Robin (D:2)
  3 adders
  2 oozes (D:3)
  2 worms (D:3)
  2 leopard geckos
  An orc (D:3)
  4 bats
  2 giant cockroaches
  11 goblins
  7 hobgoblins
  6 kobolds
  A quokka (D:2)
  A ball python (D:1)
  6 frilled lizards
  7 rats
56 creatures vanquished.

Notes
Turn   | Place    | Note
-------+----------+-------------------------------------------
     0 | D:1      | Kriby the Human Ice Elementalist began the quest for the Orb.
     0 | D:1      | Reached XP level 1. HP: 13/13 MP: 3/3
   382 | D:1      | Reached XP level 2. HP: 16/19 MP: 1/5
  1079 | D:2      | Reached XP level 3. HP: 24/24 MP: 2/6
  1288 | D:2      | Found a faded altar of an unknown god.
  1355 | D:2      | Noticed Robin
  1359 | D:2      | Killed Robin
  1359 | D:2      | Reached skill level 4 in Ice Magic
  1359 | D:2      | Reached XP level 4. HP: 28/30 MP: 1/8
  1881 | D:3      | Noticed Steforg's ghost (amateur HaFi)
  2158 | D:3      | Reached XP level 5. HP: 33/35 MP: 6/9
  2374 | D:3      | Found a snail-covered altar of Cheibriados.
  2443 | D:3      | Mangled by Steforg's ghost

Vault maps used:
D:1:      wheals_arrival_shading, nrook_uturn
D:2:      chequers_ecumenical_altar_island, uniq_robin
D:3:      lemuel_doored_altar, minmay_misc_feat_diagonals

Skill      XL: |  1  2  3  4 |
---------------+-------------+-----
Ice Magic      | 4 |  4.5
Spellcasting   | 3 |  3.2
Dodging        | |  2.0
Stealth        | |  2.0
Conjurations   | |  1.0

Action                   |  1- 3 |  4- 6 || total
-------------------------+-------+-------++-------
Melee: Unarmed           |     6 |       ||     6
       Club              |     7 |       ||     7
       Dagger            |     5 |     2 ||     7
 Cast: Freeze            |    44 |    60 ||   104
  Use: Scroll            |       |     2 ||     2
  Eat: Chunk             |     2 |     3 ||     5
Armor: Robe              |     5 |     4 ||     9
Dodge: Dodged            |    35 |    18 ||    53
